 Dungeon Crawl Stone Soup version 0.29.1-1-gd02db6906a (webtiles) character file.

Game seed: 4592037926979435313

37944 unlimited1921 the Thaumaturge (level 14, -67/85 HPs)
             Began as a Djinni Fire Elementalist on Sept 25, 2022.
             Was an Elder of Qazlal.
             Annihilated by a white very ugly thing (72 damage)
             ... in an ice cave.
             The game lasted 02:27:21 (25794 turns).

unlimited1921 the Thaumaturge (DjFE)               Turns: 25794, Time: 02:27:26

Health: -67/85     AC: 15    Str: 13    XL:     14   Next: 31%
Gold:   280        EV: 13    Int: 24    God:    Qazlal [****..] SH:  5 Dex: 15

rFire   + + .      SeeInvis +   K - +7 hammer of Compassion {vorpal, rN+ SInv}
rCold   x . .      Faith    .   S - orb {mayhem}
rNeg    + . .      Spirit   .   r - +3 troll leather armour
rPois   ∞          Reflect  .   l - +1 helmet {Int+3}
rElec   .          Harm     +   g - scarf {harm}
rCorr   .          Rampage  .   D - +0 pair of gloves
Will    +....                   (boots unavailable)
Stlth   ++........              k - amulet of the acrobat
HPRegen 1.04/turn               x - +4 ring of protection
MPRegen 0.00/turn               a - +6 ring of strength

@: flying, studying Shields, repel missiles
A: sickness immunity, fire resistance 2, cold vulnerability 1, float, innate
caster, HP casting, extra vitality 1
a: Renounce Religion, Upheaval, Elemental Force


You were in an ice cave.
You worshipped Qazlal.
Qazlal was greatly pleased with you.
You visited 3 branches of the dungeon, and saw 17 of its levels.
You visited the Abyss 1 time.
You also visited: Bailey and Ice Cave.

You collected 1006 gold pieces.
You spent 726 gold pieces at shops.

Inventory:

Hand Weapons
 f - a +0 arbalest
 t - a +1 hand axe of flaming
 E - a +4 executioner's axe of freezing
 H - the +8 hammer of Riakk {flame, Str+2}
   (You found it on level 5 of the Dungeon)

   It burns those it strikes, dealing additional fire damage.
   Str:       It affects your strength (+2).
 K - the +7 hammer of Compassion (weapon) {vorpal, rN+ SInv}
   (You found it on level 5 of the Dungeon)

   It inflicts extra damage upon your enemies.
   rN:        It protects you from negative energy.
   SInv:      It lets you see invisible.
 P - a +3 vampiric rapier
 T - a +1 short sword of draining
 V - a +2 hand axe of freezing
 W - a +2 mace of protection
Missiles
 c - 13 curare-tipped darts
 d - a silver boomerang
 e - 148 stones
 j - 39 poisoned darts
 U - 3 throwing nets
Armour
 g - a scarf of harm (worn)
 l - a +1 helmet of intelligence (worn)
 r - a +3 troll leather armour (worn)
 v - the +1 robe "Viphuewo" {+Blink rPois rCorr}
   (You found it on level 10 of the Dungeon)

   rPois:     It protects you from poison.
   +Blink:    It lets you blink.
   rCorr:     It protects you from acid and corrosion.
 D - a +0 pair of gloves (worn)
 Q - a +2 ring mail of cold resistance
 S - an orb of mayhem (worn)
Jewellery
 a - a +6 ring of strength (right hand)
 k - an amulet of the acrobat (around neck)
 s - a ring of resist corrosion
 x - a +4 ring of protection (left hand)
Wands
 p - a wand of flame (18)
 y - a wand of polymorph (6)
 z - a wand of paralysis (6)
 F - a wand of mindburst (9) (quivered)
Scrolls
 b - 2 scrolls of vulnerability {unknown}
 h - 4 scrolls of teleportation
 i - 2 scrolls of noise {unknown}
 n - a scroll of butterflies {unknown}
 q - a scroll of acquirement {unknown}
 u - a scroll of magic mapping
 w - 2 scrolls of silence {unknown}
 C - 2 scrolls of fear
 G - 2 scrolls of blinking
 I - 2 scrolls of immolation {unknown}
 N - 2 scrolls of torment {unknown}
 O - 3 scrolls of enchant weapon
Potions
 m - 3 potions of brilliance
 o - 2 potions of curing
 A - a potion of might
 B - a potion of lignification {unknown}
 J - a potion of resistance
 L - 2 potions of ambrosia
 M - 2 potions of heal wounds {unknown}
 R - 2 potions of mutation {unknown}


   Skills:
 + Level 2.9 Fighting
 + Level 0.3(1.8) Axes
 + Level 2.9 Maces & Flails
 + Level 7.3 Armour
 + Level 5.0 Dodging
 + Level 4.6 Stealth
 + Level 4.7 Shields
 + Level 14.1 Spellcasting
 * Level 9.6 Invocations
 + Level 3.8 Evocations


You had 10 spell levels left.
You knew the following spells:

 Your Spells              Type           Power      Damage    Failure   Level
a - Foxfire               Conj/Fire      100%       2x1d9     0%          1
b - Scorch                Fire           100%       2d10      1%          2
c - Conjure Flame         Conj/Fire      71%        6-21      1%          3
d - Inner Flame           Hex/Fire       71%        N/A       1%          3
e - Flame Wave            Conj/Fire      71%        2d16      1%          4
f - Freeze                Ice            100%       1d11      0%          1
g - Blink                 Tloc           100%       N/A       1%          2
h - Ignite Poison         Fire/Tmut/Pois 71%        N/A       1%          3
i - Teleport Other        Tloc           71%        N/A       1%          3
j - Animate Dead          Necr           71%        N/A       1%          4
k - Yara's Violent Unrav  Hex/Tmut       35%        3d14      1%          5
Your spell library was empty.

Dungeon Overview and Level Annotations

Branches:
Dungeon (14/15)            Temple (1/1) D:5            Lair (0/5) D:8
    Orc (2/2) D:10         Vaults (0/5) D:13         Bailey (visited)
  IceCv (1/1)
    Elf: Orc:2

Altars:
Ashenzari
Cheibriados
Dithmenos
Elyvilon
Fedhas
Gozag
Hepliaklqana
Makhleb
Nemelex Xobeh
Okawaru
Qazlal
Ru
Trog
Uskayaw
Wu Jian
Xom
Yredelemnul
Zin
The Shining One

Shops:
D:9 [   D:10 =:


Innate Abilities, Weirdness & Mutations

You are immune to sickness and miasma.
You are immune to poison.
Your flesh is very heat resistant. (rF++)
You are vulnerable to cold. (rC-)
You float through the air rather than walking.
You learn spells naturally, not from books.
Your magical power is your life essence.
You have superior vitality. (+4 MHP)


Message History

You hear a horrible gurgling sound!
You hear a horrible gurgling sound!
A caustic shrike simulacrum comes into view.
Press: ? - help, v - describe, . - travel
Here: a caustic shrike simulacrum The floor.
Casting: Scorch (safe; 1% risk of failure)
Confirm with . or Enter, or press ? or * to list all spells.
Aiming: Inner Flame (safe; 1% risk of failure)
Press: ? - help, Dir - move target, f - caustic shrike simulacrum
Aim: a caustic shrike simulacrum (chance to affect: 96%)
The caustic shrike simulacrum barely resists.
Casting: Inner Flame (safe; 1% risk of failure)
Confirm with . or Enter, or press ? or * to list all spells.
You conjure some foxfire!
A white very ugly thing comes into view.
The caustic shrike simulacrum barely misses you.
Activating: Elemental Force (1% risk of failure)
Press: ? - help, Dir - look around, f - activate Clouds arounds you coalesce and take form!
The foxfire hits the caustic shrike simulacrum!
The caustic shrike simulacrum melts!
The caustic shrike simulacrum is lightly damaged.
The foxfire hits the caustic shrike simulacrum.
The caustic shrike simulacrum melts!
The caustic shrike simulacrum is moderately damaged.
The caustic shrike simulacrum claws you!
The caustic shrike simulacrum freezes you!!!
You feel a terrible chill!
Ouch! That really hurt!
* * * LOW HITPOINT WARNING * * *
You block the caustic shrike simulacrum's attack.
The white very ugly thing is engulfed in freezing vapours.
The white very ugly thing attacks as you move away!
The white very ugly thing trunk-slaps you!
* * * LOW HITPOINT WARNING * * *
The white very ugly thing freezes you!!!
You feel a terrible chill!
Ouch! That really hurt!
You die...

#......#
#### ##..##
##....##
#### ###
#...## ##.##
##..## ##
#...## #..##
#.#
#†...####..#
##..
#..#...#...#
#.○#
#..##.....##
##Zu#
##.###...##
#.@#
#..######
##§.# ##..##
#E.## #...##
##..#
##...##
#..##
##...####.##
##...##..#
##..#..##
#.....#


You could see a white very ugly thing, a caustic shrike simulacrum (ally target)
and a friendly water elemental (summoned).

Vanquished Creatures
  A very ugly thing (IceCv)
  Erolcha (Orc:1)
  2 centaur warriors
  A two-headed ogre (D:12)
  An orc high priest (Orc:2)
  Pikel (D:4)
  A spriggan simulacrum (IceCv)
  A deep elf pyromancer (D:14)
  2 orc knights
  3 cyclopes
  3 manticores
  7 ugly things
  Maurice (D:13)
  A water nymph (shapeshifter) (D:13)
  An unseen horror (D:12)
  4 kobold demonologists (D:12)
  2 freezing wraiths (IceCv)
  A komodo dragon (D:11)
  4 ice devils (IceCv)
  An anaconda simulacrum (IceCv)
  A tengu conjurer (D:13)
  2 trolls
  Prince Ribbit (D:5)
  A hornet (D:9)
  A spriggan (D:7)
  2 shadows
  2 wraiths (D:11)
  6 dire elephant simulacra (IceCv)
  3 vampires
  A wyvern (D:9)
  15 yaks
  16 humans (D:13)
  4 vampire mosquitoes (D:13)
  An acid dragon (D:9)
  Duvessa (D:7)
  A meliai simulacrum (D:13)
  21 orc warriors
  A sky beast (D:8)
  An ice beast (D:8)
  An alligator simulacrum (IceCv)
  3 ogres
  4 lemures (D:4)
  7 centaurs
  A phantom (D:7)
  4 kobold brigands
  2 bullfrogs
  3 necrophages
  A gnoll sergeant (D:8)
  3 scorpions
  Dowan (D:7)
  3 wights (D:7)
  9 killer bees
  4 howler monkeys
  An electric eel (D:9)
  2 hounds
  3 jellies
  9 orc priests
  Crazy Yiuf (D:5)
  A gnoll bouda (D:5)
  8 iguanas
  28 orc wizards
  Robin (D:2)
  9 gnolls
  An adder (D:5)
  3 shadow imps
  A worm (D:4)
  2 dart slugs
  89 orcs
  4 bats
  12 endoplasms
  3 giant cockroaches
  10 goblins
  12 hobgoblins
  4 quokkas
  3 ball pythons
  3 frilled lizards (D:1)
  17 kobolds
  5 rats
  9 foxfires
407 creatures vanquished.

Vanquished Creatures (collateral kills)
  Rupert (D:13)
  A bog body (IceCv)
  A freezing wraith (IceCv)
3 creatures vanquished.

Vanquished Creatures (others)
  An orc (D:13)
  800 foxfires
  5 fungi (D:12)
  8 plants (D:12)
814 creatures vanquished.

Grand Total: 1224 creatures vanquished

Notes
Turn   | Place    | Note
-------+----------+-------------------------------------------
     0 | D:1      | unlimited1921 the Djinni Fire Elementalist began the quest
                  | for the Orb.
     0 | D:1      | unlimited1921 set off with the following spells memorised:
                  | Foxfire, Scorch, Conjure Flame, Inner Flame, Flame Wave.
     0 | D:1      | Reached XP level 1. HP: 15/15 MP: 0/0
     8 | D:1      | Found a bloodstained altar of Trog.
   978 | D:1      | Reached XP level 2. HP: 16/21 MP: 0/0
  1943 | D:1      | Reached XP level 3. HP: 20/25 MP: 0/0
  1943 | D:1      | Learned a level 1 spell: Freeze
  2502 | D:2      | Reached skill level 3 in Spellcasting
  2947 | D:2      | Reached skill level 1 in Armour
  2947 | D:2      | Reached XP level 4. HP: 15/31 MP: 0/0
  3179 | D:2      | Noticed Robin
  3545 | D:2      | Killed Robin
  3843 | D:2      | Reached XP level 5. HP: 33/35 MP: 0/0
  3843 | D:2      | Learned a level 2 spell: Blink
  4428 | D:3      | Found a faded altar of an unknown god.
  5300 | D:3      | Found a bloodstained altar of Trog.
  5744 | D:4      | Reached skill level 4 in Spellcasting
  5839 | D:4      | Reached XP level 6. HP: 29/40 MP: 0/0
  6296 | D:4      | Found an iron altar of Okawaru.
  6297 | D:4      | Found a shimmering altar of Xom.
  6297 | D:4      | Found a glowing silver altar of Zin.
  6298 | D:4      | Found a basalt altar of Yredelemnul.
  6648 | D:4      | Noticed Pikel
  6928 | D:4      | Killed Pikel
  6929 | D:4      | Reached skill level 5 in Spellcasting
  6929 | D:4      | Reached XP level 7. HP: 29/45 MP: 0/0
  6929 | D:4      | Learned a level 3 spell: Ignite Poison
  7061 | D:4      | Reached skill level 6 in Spellcasting
  7061 | D:4      | Reached XP level 8. HP: 47/50 MP: 0/0
  7142 | D:4      | Found a broken altar of Ashenzari.
  7223 | D:4      | Found a stormy altar of Qazlal.
  7244 | D:4      | Became a worshipper of Qazlal Stormbringer
  7294 | D:5      | Entered Level 5 of the Dungeon
  7294 | D:5      | Noticed Prince Ribbit
  7301 | D:5      | Killed Prince Ribbit
  7364 | D:5      | Found a staircase to the Ecumenical Temple.
  8225 | D:5      | Reached skill level 7 in Spellcasting
  8887 | D:5      | Reached XP level 9. HP: 51/55 MP: 0/0
  8887 | D:5      | Learned a level 3 spell: Teleport Other
  8893 | D:5      | Reached * piety under Qazlal
  9242 | D:5      | Found a runed translucent door.
  9243 | D:5      | Noticed Crazy Yiuf
  9245 | D:5      | Identified the +8 hammer of Riakk {flame, Str+2}
  9249 | D:5      | Killed Crazy Yiuf
  9271 | D:5      | Identified the +7 hammer of Compassion {vorpal, rN+ SInv}
  9424 | D:6      | Reached skill level 1 in Maces & Flails
  9429 | D:6      | Reached skill level 8 in Spellcasting
 10325 | Temple   | Entered the Ecumenical Temple
 10779 | D:7      | Noticed Duvessa
 10787 | D:7      | Noticed Dowan
 10788 | D:7      | Killed Duvessa
 10789 | D:7      | Killed Dowan
 11033 | D:7      | Found a blossoming altar of Fedhas.
 11329 | D:8      | Found an ornate altar of the Wu Jian Council.
 11329 | D:8      | Found a hazy altar of Hepliaklqana.
 11330 | D:8      | Found a burning altar of Makhleb.
 11342 | D:8      | Found a sacrificial altar of Ru.
 11347 | D:8      | Found a staircase to the Lair.
 11362 | D:8      | Reached skill level 9 in Spellcasting
 11375 | D:8      | Reached skill level 1 in Invocations
 11689 | D:8      | Reached XP level 10. HP: 56/61 MP: 0/0
 11781 | D:8      | Reached ** piety under Qazlal
 13168 | D:9      | Found an opulent altar of Gozag.
 13335 | D:9      | Reached *** piety under Qazlal
 13336 | D:9      | Reached skill level 10 in Spellcasting
 14159 | D:9      | Reached XP level 11. HP: 41/66 MP: 0/0
 14159 | D:9      | Learned a level 4 spell: Animate Dead
 14419 | D:9      | Found a snail-covered altar of Cheibriados.
 14421 | D:9      | Found Cheibriados's Comfort Zone.
 14650 | D:10     | Entered Level 10 of the Dungeon
 15029 | D:10     | Found Tahou's Jewellery Boutique.
 15066 | D:10     | Bought an amulet of the acrobat for 330 gold pieces
 15088 | D:10     | Reached skill level 5 in Invocations
 15090 | D:10     | Found a staircase to the Orcish Mines.
 15115 | D:10     | Found Xeafeq's Book Emporium.
 15237 | D:10     | Found a flagged portal.
 15247 | Bailey   | Entered a bailey
 15498 | Bailey   | Reached skill level 11 in Spellcasting
 16659 | Bailey   | Reached skill level 5 in Armour
 16779 | Bailey   | Noticed an orc knight
 16785 | Bailey   | Killed an orc knight
 16786 | Bailey   | Reached skill level 1 in Fighting
 16875 | Bailey   | Reached XP level 12. HP: 76/76 MP: 0/0
 17503 | D:10     | Identified the +1 robe "Viphuewo" {+Blink rPois rCorr}
 17961 | Orc:1    | Entered Level 1 of the Orcish Mines
 18084 | Orc:1    | Reached **** piety under Qazlal
 18490 | Orc:1    | Noticed Erolcha
 18491 | Abyss:1  | Cast into level 1 of the Abyss (Erolcha)
 18517 | Abyss:1  | Noticed a bone dragon
 18523 | Orc:1    | Escaped the Abyss
 18540 | Orc:1    | Killed Erolcha
 18897 | Orc:2    | Entered Level 2 of the Orcish Mines
 18899 | Orc:2    | Noticed an orc high priest
 19590 | Orc:2    | Killed an orc high priest
 19593 | Orc:2    | Reached skill level 12 in Spellcasting
 19933 | D:10     | Bought a +4 ring of protection for 396 gold pieces
 20570 | D:11     | Reached XP level 13. HP: 75/80 MP: 0/0
 20570 | D:11     | Learned a level 5 spell: Yara's Violent Unravelling
 20830 | D:12     | Found a sacrificial altar of Ru.
 21000 | D:12     | Reached ***** piety under Qazlal
 21947 | D:12     | You are sucked into a shaft and drop 1 floor!
 21960 | D:13     | Noticed Maurice
 21968 | D:13     | Killed Maurice
 22170 | D:13     | Noticed a centaur warrior
 22201 | D:13     | Reached skill level 13 in Spellcasting
 22220 | D:13     | HP: 1/80 [spore (7)]
 22226 | D:13     | Noticed Rupert
 23220 | D:13     | Found a gate to the Vaults.
 23392 | D:13     | Killed a centaur warrior
 24219 | D:13     | Killed Rupert
 24900 | D:14     | Noticed a centaur warrior
 25006 | D:14     | Noticed a centaur warrior
 25011 | D:14     | Killed a centaur warrior
 25171 | D:14     | Reached XP level 14. HP: 72/85 MP: 0/0
 25453 | D:14     | Found a frozen archway.
 25459 | IceCv    | Entered an ice cave
 25504 | IceCv    | Reached skill level 14 in Spellcasting
 25591 | IceCv    | HP: 2/85 [freezing wraith (39)]
 25661 | IceCv    | Noticed a white very ugly thing
 25674 | IceCv    | Killed a white very ugly thing
 25675 | IceCv    | Reached skill level 5 in Dodging
 25792 | IceCv    | Noticed a white very ugly thing
 25794 | IceCv    | Annihilated by a white very ugly thing

Illustrated notes

Levels and vault maps discovered:
D:1:      dpeg_arrival_lava_altar, layout_loops_corners, dk_noncrumbling_4
D:2:      layout_loops_ring, uniq_robin
D:3:      layout_basic, trog_antimagical, nicolae_ecumenical_pavilion
D:4:      layout_loops_cross, nicolae_qazlal_eye_of_the_storm,
          chequers_temple_overflow_statue_of_worship,
          mainiacjoe_overflow_tiny_flanked, uniq_pikel
D:5:      layout_gridville, palyth_temple_overflow_mages,
          minmay_temple_entry_from_below_a, kennysheep_decorative_pillar,
          nicolae_concentric_dashed_squares_wild, uniq_crazy_yiuf_cottage,
          uniq_prince_ribbit1
D:6:      layout_basic
D:7:      layout_cave_pools, overflow_temple_1_default, grunt_decor_resistance,
          the_hattery, uniq_duvessa
D:8:      layout_gridville, nicolae_overflow_quartered_altars, lair_entry_dummy,
          chequers_serial_rivers_small_a, grunt_ogre_cave
D:9:      layout_basic, nicolae_gozag_cash_rules_everything_around_me,
          minmay_shop_chei, kennysheep_donut
D:10:     layout_basic, hiddenorc1_lemuel, enter_bailey_2, serial_shops,
          nicolae_shop_behind_doors, shop_statue
D:11:     layout_rooms, minmay_statues_item
D:12:     layout_basic, nicolae_ru_the_path_less_chosen
D:13:     layout_gridville, david_vaults_3, uniq_maurice
D:14:     layout_roguey, minmay_staircase_windowed_large,
          portal_ice_cave_entry_pillars_three, gammafunk_ghost_spectres,
          nicolae_figureground_pulse
Temple:   nicolae_temple_stand_before_the_council
Orc:1:    layout_caves, serial_shops, nicolae_lakefront_shop,
          guppyfry_library_mini, uniq_josephine, uniq_erolcha
Orc:2:    st_orc_pillars, layout_diamond_mine, serial_shops, shop,
          shop_fountains, guppyfry_orc_lava_fort
IceCv:    ice_cave_small_necro

Skill      XL: |  1  2  3  4  5  6  7  8  9 10 11 12 13 14 |
---------------+-------------------------------------------+-----
Spellcasting   | 3 4 5 6 7 9 10 11 12 13 14 | 14.1
Armour         | 1 2 3 4 5 6 7 |  7.3
Stealth        | 2 3 4 |  4.6
Maces & Flails | 1 2 |  2.9
Dodging        | 3 4 5 |  5.0
Invocations    | 2 4 6 7 9 |  9.6
Fighting       | 2 |  2.9
Shields        | 3 4 |  4.7
Evocations     | 2 3 |  3.8
Axes           | |  0.3

Action                   |  1- 3 |  4- 6 |  7- 9 | 10-12 | 13-15 || total
-------------------------+-------+-------+-------+-------+-------++-------
Melee: Hand axe          |       |     5 |       |       |       ||     5
       Flail             |       |       |     2 |       |       ||     2
       Mace              |       |       |     5 |    18 |    40 ||    63
       Punch             |       |       |       |       |     2 ||     2
 Cast: Foxfire           |    30 |    63 |   110 |   182 |    97 ||   482
       Scorch            |    24 |    29 |    22 |    73 |    57 ||   205
       Freeze            |     1 |       |     1 |     3 |     1 ||     6
       Inner Flame       |       |    14 |    30 |   106 |    62 ||   212
       Flame Wave        |       |       |     2 |     6 |       ||     8
       Conjure Flame     |       |       |       |     5 |       ||     5
       Teleport Other    |       |       |       |     1 |     3 ||     4
       Blink             |       |       |       |       |     1 ||     1
       Animate Dead      |       |       |       |       |     1 ||     1
Invok: Upheaval          |       |       |       |     1 |     1 ||     2
       Elemental Force   |       |       |       |       |     4 ||     4
Evoke: Wand              |       |       |       |     8 |    19 ||    27
  Use: Potion            |       |       |     2 |     6 |     5 ||    13
       Scroll            |       |       |     1 |     6 |     9 ||    16
Armor: Leather armour    |     5 |     5 |     7 |       |       ||    17
       Ring mail         |       |       |     3 |    19 |    10 ||    32
       Troll leather arm |       |       |       |       |     7 ||     7
Dodge: Dodged            |     8 |    12 |    25 |    66 |    42 ||   153
Block: Other             |       |       |     1 |    24 |    18 ||    43
       Orb               |       |       |       |       |     7 ||     7
